 Dungeon Crawl Stone Soup version 0.26-a0-663-g36e8fdb655 (webtiles) character file.

Game seed: 1246130513931417740

441 GoodGuyCap the Chopper (level 7, -1/61 HPs)
             Began as a Hill Orc Monk on Oct 13, 2020.
             Was a Priest of Beogh.
             Killed by divine providence
             ... invoked by an orc priest
              (10 damage)
             ... on level 4 of the Dungeon.
             The game lasted 00:05:53 (4677 turns).

GoodGuyCap the Chopper (Hill Orc Monk)              Turns: 4677, Time: 00:05:54

Health: -1/61      AC:  6    Str: 15    XL:     7   Next: 2%
Magic:  0/7        EV: 12    Int: 10    God:    Beogh [***...]
Gold:   178        SH:  0    Dex: 14    Spells: 6/6 levels left

rFire    . . .     SeeInvis +   w - +0 war axe
rCold    + . .     Faith    .   (no shield)
rNeg     . . .     Spirit   +   d - +1 ring mail
rPois    .         Reflect  .   (no helmet)
rElec    .         Harm     +   y - scarf {harm}
rCorr    .         Rampage  .   (no gloves)
MR       .....                  (no boots)
Stlth    +.........             j - amulet of guardian spirit
HPRegen  0.20/turn              c - ring of see invisible
MPRegen  0.10/turn              m - ring of protection from cold

@: lightly drained
A: no striking features
a: Smiting, Renounce Religion


You were on level 4 of the Dungeon.
You worshipped Beogh.
Beogh was most pleased with you.
You visited 1 branch of the dungeon, and saw 4 of its levels.

You collected 178 gold pieces.

Inventory:

Hand Weapons
 w - a +0 war axe (weapon)
Armour
 d - a +1 ring mail (worn)
 y - a scarf of harm (worn)
Jewellery
 c - a ring of see invisible (left hand)
 f - an uncursed ring of magical power
 j - an amulet of guardian spirit (around neck)
 m - a ring of protection from cold (right hand)
Wands
 u - a wand of random effects (25)
 v - a wand of iceblast (4)
Scrolls
 a - a scroll of fear {unknown}
 b - a scroll of enchant armour
 g - a scroll of teleportation
 k - 2 scrolls of remove curse
 n - a scroll of enchant weapon {unknown}
 p - 4 scrolls of identify {unknown}
 q - 2 scrolls of fog {unknown}
 s - 3 scrolls of noise {unknown}
 t - a scroll of magic mapping {unknown}
Potions
 e - a potion of might {unknown}
 i - a potion of flight {unknown}
 l - a potion of curing {unknown}
 o - a potion of resistance {unknown}
 r - a potion of degeneration {unknown}
 x - 2 potions of cancellation {unknown}
 z - a potion of stabbing {unknown}


   Skills:
 * Level 5.3(5.0) Fighting
 * Level 7.0(6.8) Axes
 * Level 3.3(3.0) Armour
 + Level 2.9(2.7) Dodging
 + Level 2.3(2.1) Stealth


You had 6 spell levels left.
You didn't know any spells.
Your spell library contained the following spells:

 Spells                   Type           Power        Failure   Level
 Magic Dart               Conj           #...         58%         1
 Searing Ray              Conj           #.....       73%         2
 Dazzling Flash           Conj/Hex       #.....       91%         3
 Fulminant Prism          Conj/Hex       #.........   100%        4
 Iskenderun's Mystic Bla  Conj/Tloc      #.......     100%        4


Dungeon Overview and Level Annotations

Branches:
Dungeon (4/15)
 Temple: D:4-7

Altars:
Ashenzari
Hepliaklqana


Message History

The gnoll misses you.
The orc priest invokes the aid of Beogh against you.
Beogh smites you! The gnoll barely misses you.
The gnoll hits you from afar with a +0 halberd!
* * * LOW HITPOINT WARNING * * *
The orc priest looks encouraged for a moment.
Okay, then.
The gnoll is no longer moving quickly.
The gnoll throws a throwing net.
The throwing net closely misses you.
The orc priest invokes the aid of Beogh against you.
Beogh smites you!
* * * LOW HITPOINT WARNING * * *
Things that are here:
a +0 mace; a +0 ring mail Unknown command.
The gnoll closely misses you.
The orc priest calls down the wrath of Beogh upon you.
Beogh smites you!
You die...
Beogh appreciates the orc priest's killing of a heretic priest.

#################.# # #.# # #.# #
#.# ####### # #.#########...... #
#.##............. #
#.##....###...... #
###############.##....##....o.g #
#......##>....@.gg....##..g#### #
#......#......#.##g..o##...# #
#......#......#.##.........# ## #
#.............#.##.....#...# #. #
#.........#####............# #.
########.......#########.....###.
.................................
####.......#...########.#.#.###..
...<....####...# #..#.#...###.#


You could see an orc priest and 3 gnolls.

Vanquished Creatures
  An ogre (D:4)
  A scorpion (D:4)
  A hound (D:4)
  Ijyb (D:3)
  2 orc wizards (D:4)
  A worker ant (D:4)
  4 adders
  An ooze (D:4)
  A worm (D:2)
  A dart slug (D:3)
  7 leopard geckos
  9 orcs
  4 ball pythons
  3 giant cockroaches
  8 hobgoblins
  7 jackals
  2 quokkas
  7 bats
  10 frilled lizards
  10 goblins
  6 kobolds
  5 rats
92 creatures vanquished.

Vanquished Creatures (collateral kills)
  A gnoll shaman (D:4)
1 creature vanquished.

Vanquished Creatures (others)
  2 orcs (D:4)
  2 hobgoblins (D:3)
  A rat (D:3)
5 creatures vanquished.

Grand Total: 98 creatures vanquished

Notes
Turn   | Place    | Note
-------+----------+-------------------------------------------
     0 | D:1      | GoodGuyCap the Hill Orc Monk began the quest for the Orb.
     0 | D:1      | Reached XP level 1. HP: 19/19 MP: 1/1
    77 | D:1      | Reached XP level 2. HP: 18/27 MP: 2/2
   793 | D:1      | Found a broken altar of Ashenzari.
   971 | D:1      | Reached skill level 1 in Armour
   983 | D:1      | Reached XP level 3. HP: 33/33 MP: 3/3
  1519 | D:2      | Found a hazy altar of Hepliaklqana.
  1788 | D:2      | Reached XP level 4. HP: 40/40 MP: 4/4
  2158 | D:3      | Became a worshipper of Beogh the Brigand
  2158 | D:3      | Reached * piety under Beogh
  2158 | D:3      | Reached ** piety under Beogh
  2349 | D:3      | Reached skill level 5 in Axes
  3045 | D:3      | Noticed Ijyb
  3049 | D:3      | Reached XP level 5. HP: 46/46 MP: 5/5
  3060 | D:3      | Killed Ijyb
  3509 | D:4      | Reached skill level 6 in Axes
  3509 | D:4      | Reached XP level 6. HP: 48/53 MP: 3/6
  3980 | D:4      | Reached skill level 7 in Axes
  3982 | D:4      | Reached skill level 5 in Fighting
  4218 | D:4      | Reached *** piety under Beogh
  4633 | D:4      | Reached XP level 7. HP: 23/61 MP: 3/7
  4677 | D:4      | Killed from afar by an orc priest

Illustrated notes

Levels and vault maps discovered:
D:1:      minmay_arrival_nine_rooms, layout_loops_ring, ashenzari_altar_1
D:2:      layout_loops_cross, lemuel_coloured_pillars_altar
D:3:      layout_loops_ring, st_stairs_10, uniq_ijyb
D:4:      layout_basic

Skill      XL: |  1  2  3  4  5  6 |
---------------+-------------------+-----
Stealth        | 2 |  2.3
Armour         | 1 2 3 |  3.3
Fighting       | 4 5 |  5.3
Axes           | 5 6 7 |  7.0
Dodging        | |  2.9

Action                   |  1- 3 |  4- 6 |  7- 9 || total
-------------------------+-------+-------+-------++-------
Melee: Hand axe          |   135 |   143 |       ||   278
       War axe           |       |    51 |     6 ||    57
Invok: Convert to Beogh  |       |     1 |       ||     1
  Use: Scroll            |       |     4 |       ||     4
       Potion            |       |     1 |     1 ||     2
 Stab: Sleeping          |     2 |     2 |       ||     4
Armor: Robe              |     4 |       |       ||     4
       Ring mail         |    33 |    95 |     1 ||   129
Dodge: Dodged            |    80 |   123 |    11 ||   214

Table legend: (Time is in decaauts)
 A = Elapsed time spent in this place.
 B = Non-inter-level travel time spent in this place.
 C = Inter-level travel time spent in this place.
 D = Time resting spent in this place.
 E = Time spent auto-exploring this place.
 F = Levels seen in this place.
 G = Mean time per level.
                   A        B        C        D        E       F      G
               +--------+--------+--------+--------+--------+-----+--------+
         Total |   4710 |   4676 |     34 |    409 |   3292 |   4 | 1177.5 |
       Dungeon |   4710 |   4676 |     34 |    409 |   3292 |   4 | 1177.5 |
               +--------+--------+--------+--------+--------+-----+--------+

Top non-repeatable levels by time:
     D:3: 1356 daAuts
     D:4: 1259 daAuts
     D:1: 1167 daAuts
     D:2: 927 daAuts
